AoeStats
← Gary038202

Oasis

509827817Analyzed
4v4 RM · 5d ago on Sep 28, 2026· 15m 37s· 8 players
Game mode
Random Map
Map size
Large (8 player)
Population
200
Speed
Normal
Resources
Standard
Victory
Conquest
Starting age
Dark Age
Ending age
Imperial Age
RankedLock teamsTeams togetherTeam positionsShared explorationLock speedFull tech treeHidden civsTurbo modeCheats
Victory
Defeat
🇹🇼 Teutons · Taiwan
1012
+16
🇹🇼 Huns · Taiwan
1009
+16
🇨🇳 Byzantines · China
999
+16
🇨🇳 Khmer · China
969
+18
🇨🇳 Romans · China
1043
-18
🇨🇳 Portuguese · China
1024
-17
🇦🇹 Celts · Austria
1014
-17
🇮🇹 Huns · Italy
952
-14
素
7:44 Loom
10:14 Feudal Age
Gary038202
10:44 Feudal Age
15:25 Castle Age
14:02 Double-Bit Axe
14:25 Horse Collar
笙箫楠兮
6:38 Loom
10:07 Feudal Age
12:20 Horse Collar
12:27 Double-Bit Axe
Isaac_void
8:07 Loom
10:24 Feudal Age
11:20 Double-Bit Axe
11:16 Horse Collar
Azathoth
2:09 Loom
10:51 Feudal Age
11:53 Horse Collar
12:03 Double-Bit Axe
Bantum
10:34 Feudal Age
13:11 Double-Bit Axe
14:50 Loom
Miccit88
11:22 Feudal Age
11:44 Horse Collar
12:04 Double-Bit Axe
PACE_MAXiii
13:44 Feudal Age
15:01 Loom
Connection lost

Rejoining the realm…

Still unreachable

The connection could not be restored.

Session expired

The server has moved on; the page needs a fresh start.